 Dungeon Crawl Stone Soup version 0.31-a0-675-g238779eb0a (webtiles) character file.

Game seed: 115290118278219909

3633 IdlyInterested the Carver (level 9, -5/69 HPs)
             Began as a Demonspawn Monk on Sept 5, 2023.
             Slain by a killer bee (6 damage)
             ... on level 8 of the Dungeon.
             The game lasted 00:22:39 (8368 turns).

IdlyInterested the Carver (Demonspawn Monk)         Turns: 8368, Time: 00:22:40

Health: -5/69      AC:  7    Str: 14    XL:     9   Next: 87%
Magic:  0/12       EV: 13    Int: 11    God:
Gold:   330        SH:  0    Dex: 16    Spells: 8/8 levels left

rFire   + . .        p - +6 double sword "Ycrar" {flame, rPois rF+ Dex-2}
rCold   + . .        (no shield)
rNeg    . . .        z - +1 leather armour {rC+}
rPois   +            (no helmet)
rElec   .            (no cloak)
rCorr   .            (no gloves)
SInv    .            (no boots)
Will    .....        (no amulet)
Stlth   ++           (no ring)
HPRegen 0.31/turn    (no ring)
MPRegen 0.26/turn

%: guardian spirit
@: lethally poisoned (-5 -> -21)
A: molten scales 2, magic shield, magic regeneration, demonic touch 1
a: no special abilities


You were on level 8 of the Dungeon.
You visited 2 branches of the dungeon, and saw 9 of its levels.

You collected 330 gold pieces.

Inventory:

Hand Weapons
 p - the +6 double sword "Ycrar" (weapon) {flame, rPois rF+ Dex-2}
   (You found it on level 2 of the Dungeon)

   Dex-2:     It affects your dexterity (-2).
   rF+:       It protects you from fire.
   rPois:     It protects you from poison
 s - a +1 dagger of freezing
 F - a +3 great sword
 O - a +0 short sword of draining
 Q - a +1 vampiric dagger
 R - a +0 rapier
Missiles
 a - 4 boomerangs
 d - 38 stones (quivered)
 o - 3 javelins
 r - a curare-tipped dart
 x - 4 silver javelins
 y - 23 poisoned darts
 P - 2 throwing nets
Armour
 c - an orb of light
 z - a +1 leather armour of cold resistance (worn)
Magical Staves
 C - a staff of cold
Jewellery
 h - a ring of fire
 l - a ring of ice
 D - a ring of fire
Wands
 e - a wand of iceblast (10)
 q - a wand of paralysis (12)
 H - a wand of light (13)
 I - a wand of flame (41)
Scrolls
 f - 3 scrolls of vulnerability
 g - 4 scrolls of amnesia
 j - 2 scrolls of revelation
 t - a scroll of silence
 u - 2 scrolls of immolation
 A - 4 scrolls of enchant weapon
 B - 2 scrolls of teleportation
 G - 3 scrolls of fog
 J - a scroll of enchant armour
 K - a scroll of blinking
 N - 4 scrolls of identify
Potions
 i - 2 potions of magic
 k - a potion of enlightenment {unknown}
 m - 5 potions of curing
 v - a potion of lignification {unknown}
 w - a potion of haste {unknown}
 E - a potion of might
 L - a potion of degeneration {unknown}
 M - 2 potions of invisibility {unknown}


   Skills:
 - Level 6.0 Fighting
 * Level 10.1 Long Blades
 + Level 1.2 Throwing
 - Level 2.0 Armour
 - Level 4.0 Dodging
 - Level 2.0 Stealth
 - Level 4.0 Unarmed Combat
 - Level 4.0 Invocations
 - Level 2.0 Evocations


You had 8 spell levels left.
You didn't know any spells.
Your spell library contained the following spells:

 Spells                   Type           Power      Damage    Failure   Level
 Lesser Beckoning         Tloc           0%         N/A       54%         2
 Poisonous Vapours        Pois/Air       0%         N/A       54%         2
 Static Discharge         Conj/Air       0%         2-2/arc   54%         2
 Gell's Gravitas          Tloc           0%         N/A       78%         3
 Mephitic Cloud           Conj/Pois/Air  0%         N/A       78%         3
 Teleport Other           Tloc           0%         N/A       78%         3
 Tukima's Dance           Hex            0%         N/A       78%         3
 Airstrike                Air            0%         2d(0-16)  99%         4
 Animate Dead             Necr           0%         N/A       99%         4
 Passage of Golubria      Tloc           0%         N/A       99%         4
 Summon Lightning Spire   Summ/Air       0%         N/A       99%         4
 Borgnjor's Vile Clutch   Necr/Erth      0%         N/A       100%        5
 Freezing Cloud           Conj/Ice/Air   0%         6-21      100%        5
 Yara's Violent Unravell  Hex/Tmut       0%         3d3       100%        5
 Death Channel            Necr           0%         N/A       100%        6
 Dispersal                Tloc           0%         N/A       100%        6


Dungeon Overview and Level Annotations

Branches:
Dungeon (8/15)             Temple (1/1) D:4            Lair (0/5) D:8

Altars:
Ashenzari
Cheibriados
Dithmenos
Fedhas
Gozag
Hepliaklqana
Kikubaaqudgha
Makhleb
Nemelex Xobeh
Okawaru
Qazlal
Ru
Sif Muna
Uskayaw
Wu Jian
Xom
Yredelemnul


Innate Abilities, Weirdness & Mutations

You are mostly covered in molten scales. (AC +3)
When hurt, damage is shared between your health and your magic reserves.
You regenerate magic rapidly.
Your touch may inflict minor irresistible damage on your foes.


Message History

The killer bee stings you but does no damage.
The killer bee misses you. The kobold hits you with a +0 dagger.
* * * LOW HITPOINT WARNING * * *
The killer bee barely misses you. The killer bee stings you.
* * * LOW HITPOINT WARNING * * *
You are more poisoned.
The killer bee poisons you! The killer bee stings you.
* * * LOW HITPOINT WARNING * * *
You are more poisoned.
The killer bee poisons you!
You bump into the rock wall.
* * * LOW HITPOINT WARNING * * *
You feel very sick.
The killer bee stings you but does no damage.
The killer bee stings you.
* * * LOW HITPOINT WARNING * * *
The killer bee stings you. The kobold hits you with a +0 dagger.
* * * LOW HITPOINT WARNING * * *
The killer bee closely misses you. The killer bee misses you.
The killer bee stings you.
* * * LOW HITPOINT WARNING * * *
You bump into the rock wall.
You feel less invigorated.
You feel less confused.
* * * LOW HITPOINT WARNING * * *
You feel very sick. The killer bee stings you.
* * * LOW HITPOINT WARNING * * *
The killer bee misses you. The killer bee barely misses you.
The kobold barely misses you. The killer bee stings you.
* * * LOW HITPOINT WARNING * * *
The killer bee misses you. The killer bee stings you.
* * * LOW HITPOINT WARNING * * *
You hit the kobold. You burn the kobold.
You touch the kobold.
You kill the kobold!
* * * LOW HITPOINT WARNING * * *
You feel very sick. The killer bee barely misses you.
The killer bee stings you.
You are more poisoned.
The killer bee poisons you! The killer bee stings you!
You die...

#.........~≈≈~..
#...........~...
#...~.......~...
#...............
#...............
#.......<.......
#......yy....##.
#....hyyyy...#
#######@######
#.)......
.....####
......# #...~..#
+...~...
#...~..##
#...≈..#


You could see a warg and 6 killer bees.

Vanquished Creatures
  Grinder (D:6)
  Sigmund (D:6)
  2 wargs (D:8)
  Duvessa (D:4)
  2 ice beasts
  An orc warrior (D:7)
  2 sky beasts
  5 ogres
  2 centaurs (D:7)
  2 phantoms
  2 kobold brigands
  A scorpion (D:4)
  5 wights (D:5)
  Dowan (D:4)
  A vampire bat (D:5)
  A howler monkey (D:7)
  2 electric eels (D:7)
  2 lava snakes (D:7)
  3 hounds
  A gnoll bouda (D:6)
  5 orc priests
  3 jellies
  Jessica (D:3)
  Ijyb (D:3)
  Natasha (thrice) (D:3)
  An iguana (D:6)
  9 orc wizards
  7 gnolls
  5 adders
  2 shadow imps
  3 white imps
  2 ufetubi
  4 worms
  2 dart slugs (D:2)
  27 orcs
  10 bats
  8 endoplasms
  8 goblins
  8 hobgoblins
  9 jackals
  9 ball pythons
  7 frilled lizards
  16 kobolds
  6 rats
194 creatures vanquished.

Notes
Turn   | Place    | Note
-------+----------+-------------------------------------------
     0 | D:1      | IdlyInterested the Demonspawn Monk began the quest for the
                  | Orb.
     0 | D:1      | Reached XP level 1. HP: 18/18 MP: 1/1
   370 | D:1      | Gained mutation: You are partially covered in molten
                  | scales. (AC +2) [demonic ancestry]
   370 | D:1      | Reached XP level 2. HP: 19/24 MP: 2/2
   465 | D:1      | Reached skill level 1 in Armour
  1334 | D:2      | Gained mutation: You regenerate magic rapidly. [demonic
                  | ancestry]
  1334 | D:2      | Reached XP level 3. HP: 24/29 MP: 3/3
  1744 | D:2      | Reached skill level 1 in Throwing
  2155 | D:2      | Identified the +6 double sword "Ycrar" {flame, rPois rF+
                  | Dex-2}
  2404 | D:3      | Gained mutation: Your touch may inflict minor irresistible
                  | damage on your foes. [demonic ancestry]
  2404 | D:3      | Reached XP level 4. HP: 35/37 MP: 4/4
  2563 | D:3      | Found a broken altar of Ashenzari.
  2567 | D:3      | Noticed Jessica
  2573 | D:3      | Killed Jessica
  2574 | D:3      | Reached skill level 1 in Invocations
  2599 | D:3      | Noticed Ijyb
  2604 | D:3      | Killed Ijyb
  2605 | D:3      | Reached skill level 1 in Long Blades
  2670 | D:3      | Found a faded altar of an unknown god.
  2709 | D:3      | Reached XP level 5. HP: 43/43 MP: 6/6
  2842 | D:3      | Noticed Natasha
  2849 | D:3      | Killed Natasha
  3135 | D:3      | Noticed Natasha
  3141 | D:3      | Killed Natasha
  3142 | D:3      | Reached skill level 2 in Long Blades
  3242 | D:3      | Noticed Natasha
  3248 | D:3      | Killed Natasha
  3345 | D:4      | Found a staircase to the Ecumenical Temple.
  3366 | D:4      | Identified the +6 spear of the Arena {drain, Int-5 Dex+2
                  | Stlth+}
  3369 | Temple   | Entered the Ecumenical Temple
  3429 | D:4      | Noticed Duvessa
  3429 | D:4      | Noticed Dowan
  3437 | D:4      | Killed Duvessa
  3438 | D:4      | Reached skill level 3 in Long Blades
  3438 | D:4      | Gained mutation: You are mostly covered in molten scales.
                  | (AC +3) [demonic ancestry]
  3438 | D:4      | Reached XP level 6. HP: 50/50 MP: 8/8
  3446 | D:4      | Killed Dowan
  3555 | D:4      | Reached skill level 5 in Fighting
  3661 | D:4      | Reached skill level 4 in Long Blades
  3661 | D:4      | Gained mutation: When hurt, damage is shared between your
                  | health and your magic reserves. [demonic ancestry]
  3661 | D:4      | Reached XP level 7. HP: 54/56 MP: 8/10
  4124 | D:4      | Reached skill level 5 in Long Blades
  4819 | D:5      | Entered Level 5 of the Dungeon
  4940 | D:5      | Reached XP level 8. HP: 50/62 MP: 11/11
  5243 | D:5      | Reached skill level 6 in Long Blades
  5607 | D:5      | Reached skill level 7 in Long Blades
  6500 | D:6      | Reached skill level 8 in Long Blades
  6500 | D:6      | Reached XP level 9. HP: 69/69 MP: 12/12
  6732 | D:6      | Noticed Sigmund
  6738 | D:6      | Killed Sigmund
  6789 | D:6      | Noticed Grinder
  6798 | D:6      | Killed Grinder
  6799 | D:6      | Reached skill level 1 in Evocations
  7260 | D:7      | Reached skill level 9 in Long Blades
  7528 | D:7      | Reached skill level 1 in Stealth
  8168 | D:8      | Found a staircase to the Lair.
  8194 | D:8      | Reached skill level 10 in Long Blades
  8368 | D:8      | HP: 1/69 [poisoned by a killer bee]
  8368 | D:8      | Slain by a killer bee

Illustrated notes

Levels and vault maps discovered:
D:1:      dpeg_arrival_shrine, layout_basic, serial_forest,
          infiniplex_forest_lined_ring, infiniplex_forest_clump_tiny,
          infiniplex_forest_3_way, infiniplex_forest_end_2,
          infiniplex_forest_straight_4, infiniplex_forest_end_2,
          infiniplex_forest_clump_double, infiniplex_forest_lined_2,
          chequers_serial_rivers_micro_a
D:2:      layout_loops_cross, minivault_5
D:3:      layout_basic, mainiacjoe_overflow_boulevard,
          hellmonk_ecumenical_altar_run_dry, uniq_ijyb, uniq_jessica,
          uniq_natasha
D:4:      minmay_octagon_keep, layout_layer_cave, minmay_temple_entry_offerings,
          uniq_duvessa
D:5:      layout_loops_ring, old_standard_altar, roderic_batcave, st_stairs_8,
          kennysheep_big_empty_room, nicolae_the_louvre
D:6:      layout_rooms, nicolae_eternal_life, nicolae_hexahallways,
          uniq_sigmund, uniq_grinder
D:7:      layout_rooms, kennysheep_cross_room, kennysheep_generic_room_2
D:8:      layout_basic, gammafunk_temple_overflow_wave,
          erik_lair_orcish_takeover, uniq_grum
Temple:   bh_familiar_temple

Skill      XL: |  1  2  3  4  5  6  7  8  9 |
---------------+----------------------------+-----
Armour         | 1 2 |  2.0
Unarmed Combat | 3 4 |  4.0
Throwing       | 1 |  1.2
Fighting       | 4 5 6 |  6.0
Invocations    | 2 3 4 |  4.0
Long Blades    | 1 3 4 5 8 10 | 10.1
Dodging        | 4 |  4.0
Evocations     | 2 |  2.0
Stealth        | 2 |  2.0

Action                     |  1- 3 |  4- 6 |  7- 9 || total
---------------------------+-------+-------+-------++-------
  Melee: Unarmed           |   380 |       |       ||   380
         Double sword      |       |    60 |   249 ||   309
         Touch             |       |     9 |    29 ||    38
         Punch             |       |     1 |     6 ||     7
  Throw: Stone             |       |     4 |    19 ||    23
         Dart              |       |     3 |       ||     3
    Use: Scroll            |     2 |     3 |     6 ||    11
         Potion            |       |       |     5 ||     5
 Armour: Robe              |    72 |       |       ||    72
         Scale mail        |     1 |    45 |       ||    46
         Leather armour    |       |     3 |   219 ||   222
  Dodge: Dodged            |    87 |    30 |   186 ||   303

Table legend: (Time is in decaauts)
 A = Elapsed time spent in this place.
 B = Non-inter-level travel time spent in this place.
 C = Inter-level travel time spent in this place.
 D = Time resting spent in this place.
 E = Time spent auto-exploring this place.
 F = Levels seen in this place.
 G = Mean time per level.
                   A        B        C        D        E       F      G
               +--------+--------+--------+--------+--------+-----+--------+
         Total |   8417 |   7100 |   1317 |    988 |   4175 |   9 |  935.2 |
       Dungeon |   8415 |   7098 |   1317 |    988 |   4175 |   8 | 1051.9 |
        Temple |      1 |      1 |      0 |      0 |      0 |   1 |    1.0 |
               +--------+--------+--------+--------+--------+-----+--------+

Top non-repeatable levels by time:
     D:4: 1509 daAuts
     D:1: 1426 daAuts
     D:6: 1316 daAuts
     D:5: 1128 daAuts
     D:2: 1023 daAuts
     D:3: 971 daAuts
     D:7: 898 daAuts
     D:8: 142 daAuts
  Temple: 1 daAuts
